 Dungeon Crawl Stone Soup version 0.31-a0-626-g8143ab4 (webtiles) character file.

Game seed: 13796948406094867582

322056 lunatic the Devastator (level 21, -2/175 (195) HPs)
             Began as a Naga Fire Elementalist on Aug 22, 2023.
             Was the Champion of Ru.
             Killed by the air
             ... invoked by a titan
              (34 damage)
             ... on level 5 of the Vaults on Aug 24, 2023.
             The game lasted 03:23:16 (49537 turns).

lunatic the Devastator (Naga Fire Elementalist)    Turns: 49537, Time: 03:23:17

HP:   -2/175 (195)  AC: 31    Str: 11    XL:     21   Next: 54%
MP:   30/37         EV:  7    Int: 27    God:    Ru [******]
Gold: 1379          SH:  0    Dex: 17    Spells: 4/45 levels left

rFire   + + .        b - staff of fire
rCold   . . .        N - orb {light}
rNeg    . . .        L - +3 leather armour {rC+ rF+}
rPois   +            J - +0 helmet
rElec   +            p - +2 cloak of the Mackerel {rElec Str+2 SInv}
rCorr   .            P - +2 pair of gloves
SInv    +            Y - +2 barding {Fly}
Will    ++...        R - amulet of magic regeneration
Stlth   ++           n - ring of protection from cold
HPRegen 0.49/turn    w - ring of the Evening {Fire Contam rElec Int+2 Dex+4}
MPRegen 0.65/turn

%: inaccuracy (-5)
@: exhausted, marked, radiating poison, spewing sludge, flying, hasted, glowing,
heavily drained, quick
A: AC +7, large, see invisible, deformed body, poison resistance, slowness 2,
spit poison 1, inability to use devices, inability to train dodging, naga tail
2, missing an eye, temperature sensitive, weak 1
}: 2/15 runes: decaying, serpentine
a: Spit Poison, Renounce Religion, Draw Out Power, Power Leap, Apocalypse


You were on level 5 of the Vaults.
You worshipped Ru.
Ru was exalted by your worship.
You visited 7 branches of the dungeon, and saw 36 of its levels.
You also visited: Gauntlet, Ice Cave and Wizlab.

You collected 3847 gold pieces.
You spent 2468 gold pieces at shops.

Inventory:

Hand Weapons
 c - the +6 trident "Giantbane" {venom, Drain rC++ Str+5}
   (You found it on level 1 of the Lair of Beasts)

   Str+5:     It affects your strength (+5).
   rC++:      It greatly protects you from cold.
   Drain:     It drains your maximum health when unequipped.
Missiles
 E - 15 curare-tipped darts
 X - 6 silver javelins
Armour
 e - an orb of energy
 p - the +2 cloak of the Mackerel (worn) {rElec Str+2 SInv}
   (You found it on level 3 of the Dungeon)

   Str+2:     It affects your strength (+2).
   rElec:     It insulates you from electricity.
   SInv:      It lets you see invisible.
 H - the scarf of Nopank {harm, Str+2 Int+2 SInv}
   (You found it on level 5 of the Lair of Beasts)

   Str+2:     It affects your strength (+2).
   Int+2:     It affects your intelligence (+2).
   SInv:      It lets you see invisible.
 J - a +0 helmet (worn)
 L - a +3 leather armour of resistance (worn)
 N - an orb of light (worn)
 P - a +2 pair of gloves (worn)
 U - a +2 cloak of willpower
 Y - a +2 barding of flying (worn)
Magical Staves
 a - a staff of poison
 b - a staff of fire (weapon)
Jewellery
 k - a ring of willpower
 n - a ring of protection from cold (left hand)
 t - the ring "Pyutak" {Fly rF+ SInv}
   (You found it on level 5 of the Lair of Beasts)

   [ring of protection from fire]

   rF+:       It protects you from fire.
   SInv:      It lets you see invisible.
   Fly:       It grants you flight.
 w - the ring of the Evening (right hand) {Fire Contam rElec Int+2 Dex+4}
   (You acquired it on level 11 of the Dungeon)

   [ring of fire]

   Fire:      It enhances your fire magic.
   Int+2:     It affects your intelligence (+2).
   Dex+4:     It affects your dexterity (+4).
   rF+:       It protects you from fire.
   rC-:       It makes you vulnerable to cold.
   rElec:     It insulates you from electricity.
   Contam:    It causes magical contamination when unequipped.
 x - a ring of positive energy
 I - a ring of ice
 R - an amulet of magic regeneration (around neck)
 V - the amulet "Onontit" {Acrobat rF+ Str+3}
   (You found it in a Gauntlet)

   [amulet of the acrobat]

   Acrobat:   It increases your evasion while moving and waiting.
   Str+3:     It affects your strength (+3).
   rF+:       It protects you from fire.
Scrolls
 d - 3 scrolls of silence
 f - 6 scrolls of poison
 h - 15 scrolls of teleportation
 i - 2 scrolls of identify
 l - 6 scrolls of fear
 o - 2 scrolls of revelation
 q - 2 scrolls of immolation
 u - 5 scrolls of amnesia
 y - 8 scrolls of fog
 D - 3 scrolls of vulnerability
 F - 7 scrolls of summoning
 Q - 3 scrolls of blinking
Potions
 g - 7 potions of enlightenment
 j - 5 potions of magic
 m - 8 potions of curing
 s - 9 potions of attraction
 v - a potion of ambrosia
 z - 8 potions of mutation
 A - 4 potions of heal wounds
 C - 4 potions of might
 G - 4 potions of haste
 M - 4 potions of lignification
 O - 2 potions of resistance
 T - 2 potions of berserk rage
 W - 3 potions of brilliance
 Z - 2 potions of cancellation


   Skills:
 - Level 13.6 Fighting
 - Level 6.0 Polearms
 - Level 15.0 Armour
 - Level 12.9 Stealth
 - Level 12.5 Spellcasting
 + Level 17.0 Conjurations
 - Level 1.2 Hexes
 * Level 8.9 Summonings
 - Level 6.0 Translocations
 - Level 9.0 Transmutations
 - Level 15.9 Fire Magic
 - Level 15.1 Poison Magic


You had 4 spell levels left.
You knew the following spells:

 Your Spells              Type           Power      Damage    Failure   Level
a - Orb of Destruction    Conj           41%        9d11      3%          7
b - Scorch                Fire           100%       2d9       0%          2
c - Spellforged Servitor  Conj/Summ      36%        N/A       16%         7
d - Blink                 Tloc           98%        N/A       1%          2
e - Olgreb's Toxic Radia  Pois           78%        N/A       1%          4
f - Ignite Poison         Fire/Tmut/Pois 100%       N/A       1%          3
g - Flame Wave            Conj/Fire      100%       2d21      1%          4
i - Starburst             Conj/Fire      63%        6d17      1%          6
j - Eringya's Noxious Bo  Tmut/Pois      35%        4d6       4%          6

Your spell library contained the following spells:

 Spells                   Type           Power      Damage    Failure   Level
 Foxfire                  Conj/Fire      100%       2x1d9     0%          1
 Magic Dart               Conj           100%       1d8       0%          1
 Searing Ray              Conj           100%       2d8       0%          2
 Apportation              Tloc           98%        N/A       1%          1
 Sting                    Tmut/Pois      100%       1d8       1%          1
 Summon Small Mammal      Summ           100%       N/A       1%          1
 Call Imp                 Summ           100%       N/A       1%          2
 Cigotuvi's Dreadful Rot  Necr/Pois/Air  88%        N/A       1%          2
 Momentum Strike          Conj/Tloc      100%       3d10      1%          2
 Passwall                 Tmut/Erth      34%        N/A       1%          2
 Poisonous Vapours        Pois/Air       100%       N/A       1%          2
 Wereblood                Tmut           60%        N/A       1%          2
 Call Canine Familiar     Summ           60%        N/A       1%          3
 Gell's Gravitas          Tloc           49%        N/A       1%          3
 Hailstorm                Conj/Ice       58%        3d13      1%          3
 Inner Flame              Hex/Fire       97%        N/A       1%          3
 Mephitic Cloud           Conj/Pois/Air  66%        N/A       1%          3
 Stone Arrow              Conj/Erth      100%       3d13      1%          3
 Summon Guardian Golem    Hex/Summ       44%        N/A       1%          3
 Volatile Blastmotes      Fire/Tloc      100%       2d18      1%          3
 Fulminant Prism          Conj/Hex       30%        3d16      1%          4
 Portal Projectile        Hex/Tloc       72%        N/A       2%          3
 Manifold Assault         Tloc           49%        N/A       3%          4
 Necrotise                Necr           64%        1d7       4%          1
 Sandblast                Erth           32%        2d9       4%          1
 Ensorcelled Hibernation  Hex/Ice        40%        N/A       4%          2
 Sublimation of Blood     Necr           16%        N/A       6%          2
 Petrify                  Tmut/Erth      41%        N/A       6%          4
 Frozen Ramparts          Ice            32%        1d5       12%         3
 Swiftness                Air            16%        N/A       12%         3
 Anguish                  Hex/Necr       10%        N/A       30%         4
 Leda's Liquefaction      Hex/Erth       10%        N/A       30%         4
 Irradiate                Conj/Tmut      36%        3d23      1%          5
 Summon Forest            Summ/Tloc      27%        N/A       4%          5
 Freezing Cloud           Conj/Ice/Air   23%        6-21      11%         5
 Yara's Violent Unravell  Hex/Tmut       22%        3d10      13%         5
 Metabolic Englaciation   Hex/Ice        10%        N/A       63%         5
 Summon Hydra             Summ           30%        N/A       63%         7
 Fire Storm               Conj/Fire      63%        8d16      99%         9
 Enfeeble                 Hex            11%        N/A       100%        7
 Ozocubu's Refrigeration  Ice            8%         4d9       100%        7


Dungeon Overview and Level Annotations

Branches:
Dungeon (15/15)            Temple (1/1) D:6            Lair (5/5) D:10
  Swamp (4/4) Lair:2        Snake (4/4) Lair:3        Slime (0/5) Lair:5
    Orc (2/2) D:9             Elf (0/3) Orc:2        Vaults (5/5) D:14
  Crypt (0/3) Vaults:3     Depths (0/4) D:15          IceCv (visited)
 WizLab (visited)         Gauntlet (visited)

Altars:
Ashenzari
Cheibriados
Dithmenos
Elyvilon
Fedhas
Gozag
Hepliaklqana
Kikubaaqudgha
Makhleb
Nemelex Xobeh
Okawaru
Qazlal
Ru
Sif Muna
Trog
Uskayaw
Vehumet
Wu Jian
Xom
Yredelemnul
Zin
The Shining One
Jiyva

Shops:
D:10 (   D:13 [   Orc:1 =   Orc:2 ?[(:   Snake:1 ??*   Snake:4 ?=   Vaults:3 (

Annotations:
D:5 3 runed translucent doors, Dega's ghost, amateur TeFi
D:8 1 runed translucent door
Lair:1 2 runed translucent doors, MinotaursOnly's ghost, journeyman MiNe


Innate Abilities, Weirdness & Mutations

Your serpentine skin is tough. (AC +7)
You have supernaturally acute eyesight. (SInv)
Armour fits poorly on your strangely shaped body.
Your system is resistant to poisons. (rPois)
You cover ground very slowly.
You can spit poison.
You cannot study or use magical devices.
You cannot train Dodging skill.
You can use your snake-like lower body to constrict enemies.
You are missing an eye, making it more difficult to aim.
You are sensitive to extremes of temperature. (rF-, rC-)
You are weak. (Str -2)


Message History

* * * LOW HITPOINT WARNING * * *
The vault guard convulses!
The titan convulses!
You focus your inner power and blind the Tzitzimitl in retribution!
Unknown command.
Casting: Olgreb's Toxic Radiance (safe; 1% risk of failure)
Confirm with . or Enter, or press ? or * to list all spells.
You feel a strong surge of power!
You ignite the poison in your surroundings!
The vault sentinel seems to burn from within!!!
You kill the vault sentinel!
The vault guard seems to burn from within!
The vault guard is severely wounded.
The sphinx seems to burn from within!!
The sphinx is severely wounded.
The vault sentinel seems to burn from within!!
The vault sentinel is almost dead.
The titan seems to burn from within!!!
The titan is severely wounded.
The deep elf demonologist seems to burn from within!!
You kill the deep elf demonologist!
The orc warrior seems to burn from within!!
You kill the orc warrior!
The orc knight seems to burn from within!!!
The orc knight is severely wounded.
The deep elf high priest seems to burn from within!!
The deep elf high priest is almost dead.
The orc seems to burn from within!
You kill the orc!
The orc seems to burn from within!!
You kill the orc!
The titan seems to burn from within!!
The titan is severely wounded.
You are engulfed in blazing flames.
You resist.
The sphinx is poisoned.
The vault sentinel is poisoned.
The titan is poisoned. x2
The vault guard is poisoned.
The deep elf high priest is poisoned.
The orc knight is poisoned.
You kill the deep elf high priest!
The titan waves its arms in wide circles.
The air twists around and strikes you!!
You die...

##.#.#....# ..
C...#....#..).
)#.#....#...)
.)~~~~○).)o
########p~§°°~°.###
........1)§°)°°....
......~~~)H~○§°..(.
....?.~~))○§~°~....
.....)..~)°@°)~....
########p°°☼°~~.###
#..~○~☼~☼....
#...#.)~.#....
..C.##....# ...
....# #....# ..
.... #....# . ..
#....#


You could see 2 titans, a Tzitzimitl (summoned, blind), a sphinx (empowered,
poisoned), a vault guard (poisoned), an orc knight (poisoned) and a vault
sentinel (empowered, poisoned).

Vanquished Creatures
  2 ancient liches
  the Lernaean hydra (Swamp:4)
  Vashnia (Snake:4)
  Nikola (Vaults:2)
  Jorgrun (Orc:1)
  Rupert (D:13)
  A quicksilver dragon (Snake:4)
  An ancient champion (WizLab)
  2 thorn hunters
  Donald (Swamp:2)
  Aizul (Snake:2)
  7 nagarajas
  A fenstrider witch (Swamp:4)
  A fire giant (Vaults:2)
  8 vault wardens
  The ghost of arghonaut the Blocker, a journeyman TrSh of Okawaru (Orc:2)
  16 ironbound preservers
  The ghost of Dega the Crack Shot, an adept SpHu of Qazlal (Snake:3)
  4 orc warlords
  A war gargoyle (Vaults:2)
  A very ugly thing (IceCv)
  7 ironbound thunderhulks
  6 formless jellyfish
  A deep elf demonologist (Vaults:5)
  6 eleionomae
  13 dire elephants
  A minotaur (Gauntlet)
  2 bunyips
  2 blizzard demons (IceCv)
  An ettin (Vaults:4)
  3 crystal guardians
  A deep elf high priest (Vaults:5)
  An entropy weaver (Vaults:3)
  A great orb of eyes (Vaults:3)
  Josephine (D:10)
  6 yaktaur captains
  21 hydras
  A rakshasa (D:15)
  Erolcha (D:13)
  A salamander tyrant (Snake:2)
  31 vault guards
  3 peacekeepers
  8 anacondas
  A spriggan air mage (Swamp:3)
  13 centaur warriors
  An ogre mage (D:15)
  A death knight (D:15)
  2 tengu warriors (D:15)
  6 ironbound frosthearts
  8 alligators
  8 two-headed ogres
  2 death yaks (Lair:3)
  11 naga warriors
  2 vampire magi (Vaults:3)
  10 orc high priests
  13 naga sharpshooters
  6 shock serpents
  Sonja (D:10)
  A wretched star (Gauntlet)
  2 salamander mystics
  2 spectral anacondas (Snake:2)
  4 sea snakes (Snake:4)
  13 skeletal warriors
  41 deep trolls
  4 spriggan druids
  10 goliath frogs
  2 naga ritualists (Snake:3)
  12 swamp dragons
  A death drake (Swamp:4)
  3 glowing orange brains
  10 spriggan simulacra (IceCv)
  17 ironbound convokers
  7 mana vipers
  2 bog bodies (Swamp:1)
  8 lindwurms
  8 wizards
  25 ugly things
  An anaconda skeleton (Snake:2)
  7 orc knights
  5 harpies (Vaults:4)
  2 necromancers
  A wolf spider (D:13)
  3 deep elf pyromancers
  A faun (shapeshifter) (D:15)
  A manticore (D:13)
  2 orc sorcerers
  12 salamanders
  7 will-o-the-wisps
  4 cyclopes
  14 vault sentinels
  Joseph (D:8)
  13 elephants
  31 black mambas
  4 guardian serpents
  An ice statue (D:15)
  A torpor snail (Lair:3)
  25 naga magi
  9 komodo dragons
  24 cane toads
  An unseen horror (D:11)
  2 freezing wraiths (IceCv)
  A kobold demonologist (D:12)
  2 rime drakes
  A spectral sea snake (Snake:2)
  2 efreet
  24 yaktaurs
  2 ice devils (IceCv)
  A tengu conjurer (D:14)
  2 anaconda simulacra
  8 trolls
  11 tyrant leeches
  A bloated husk (Swamp:3)
  A meliai (shapeshifter) (D:13)
  A wind drake (shapeshifter) (D:13)
  10 hornets
  2 polar bears
  29 blink frogs
  12 slime creatures
  A guardian serpent skeleton (Snake:2)
  12 spriggans
  4 vampires (WizLab)
  54 yaks
  3 shadows
  3 dire elephant simulacra (IceCv)
  Grum (D:10)
  6 wraiths
  5 basilisks
  3 fire elementals (Gauntlet)
  2 sea snake simulacra (Snake:2)
  2 steam dragons
  7 wyverns
  A redback (Vaults:3)
  19 vampire mosquitoes
  2 neqoxecs (Gauntlet)
  11 minotaur simulacra (IceCv)
  7 wargs (Orc:2)
  38 nagas
  2 two-headed ogre zombies (WizLab)
  4 harpy simulacra (IceCv)
  An acid dragon (D:14)
  16 water moccasins
  9 swamp worms
  3 guardian serpent simulacra (Snake:2)
  2 hell hounds (Gauntlet)
  21 orc warriors
  2 ice beasts
  An ettin simulacrum (IceCv)
  4 ogres
  3 black bears
  11 swamp drakes
  A sky beast (D:7)
  15 wolves
  3 phantoms
  11 centaurs
  4 kobold brigands
  A scorpion (D:6)
  20 bullfrogs
  4 deep troll simulacra (IceCv)
  A gnoll sergeant (D:9)
  7 troll zombies
  16 wights
  19 killer bees
  3 lindwurm simulacra (IceCv)
  3 spectral nagas (Snake:2)
  10 howler monkeys
  9 hounds
  6 jellies
  27 orc priests
  5 iguanas
  A sleepcap (D:6)
  21 orc wizards
  7 hell rats (Lair:4)
  12 ogre zombies
  8 gnolls
  15 adders
  A naga simulacrum (Snake:2)
  A shadow imp (D:6)
  5 white imps
  An ufetubus (D:6)
  2 worms (D:4)
  A dart slug (D:2)
  93 orcs
  11 endoplasms
  3 giant cockroaches
  8 goblins
  6 hobgoblins
  3 jackals
  5 quokkas
  9 ball pythons
  9 bats
  5 frilled lizards
  2 goblin skeletons (D:9)
  2 goblin zombies (D:9)
  A hobgoblin skeleton (D:9)
  A hobgoblin zombie (D:9)
  28 kobolds
  2 orc skeletons (D:9)
  11 orc zombies (D:9)
  2 rats
  A butterfly (Lair:1)
1413 creatures vanquished.

Vanquished Creatures (others)
  An ironbound preserver (Vaults:2)
  A hydra (Swamp:4)
  A salamander tyrant (Snake:4)
  A two-headed ogre (D:15)
  A salamander mystic (Snake:4)
  3 deep trolls (Vaults:2)
  A wizard (Vaults:2)
  A phantasmal warrior (D:15)
  An ugly thing (Vaults:2)
  A salamander (Snake:4)
  A black mamba (Snake:4)
  A vault sentinel (Vaults:1)
  3 yaktaurs
  2 vampire mosquitoes
  A water moccasin (Lair:5)
  A human (D:7)
  573 foxfires
594 creatures vanquished.

Grand Total: 2007 creatures vanquished

Notes
Turn   | Place    | Note
-------+----------+-------------------------------------------
     0 | D:1      | lunatic the Naga Fire Elementalist began the quest for the
                  | Orb.
     0 | D:1      | Reached XP level 1. HP: 15/15 MP: 3/3
   180 | D:1      | Reached XP level 2. HP: 17/22 MP: 0/5
   232 | D:1      | Learned a level 2 spell: Scorch
   998 | D:2      | Reached skill level 2 in Conjurations
   998 | D:2      | Reached XP level 3. HP: 28/28 MP: 0/6
  1009 | D:2      | Identified the +1 robe of Failure {Rampage Dex+2 Stlth+}
  1195 | D:2      | Reached XP level 4. HP: 36/36 MP: 0/7
  1794 | D:3      | Reached skill level 3 in Conjurations
  1794 | D:3      | Reached XP level 5. HP: 35/42 MP: 3/9
  1798 | D:3      | Learned a level 3 spell: Volatile Blastmotes
  2000 | D:3      | Found a hide-covered altar of Uskayaw.
  2020 | D:3      | Identified the +2 cloak of the Mackerel {rElec Str+2 SInv}
  2431 | D:3      | Reached skill level 1 in Translocations
  2846 | D:4      | Reached XP level 6. HP: 49/49 MP: 5/10
  3139 | D:4      | Reached skill level 5 in Fire Magic
  3406 | D:4      | Learned a level 3 spell: Mephitic Cloud
  3515 | D:4      | Noticed an ice beast
  3521 | D:4      | Killed an ice beast
  3522 | D:4      | Reached skill level 1 in Poison Magic
  3522 | D:4      | Reached XP level 7. HP: 55/55 MP: 5/11
  3907 | D:5      | Entered Level 5 of the Dungeon
  4803 | D:5      | Found a burning altar of Makhleb.
  4804 | D:5      | Noticed a cacodemon
  4903 | D:5      | Found a runed translucent gate.
  4903 | D:5      | Found a runed translucent gate.
  4903 | D:5      | Found a runed translucent gate.
  4903 | D:5      | Noticed Dega's ghost (amateur TeFi)
  4960 | D:5      | Reached XP level 8. HP: 60/62 MP: 11/13
  4965 | D:5      | Learned a level 4 spell: Olgreb's Toxic Radiance
  5007 | D:5      | Reached skill level 4 in Conjurations
  5788 | D:6      | Found a staircase to the Ecumenical Temple.
  5798 | D:6      | Reached skill level 5 in Conjurations
  5798 | D:6      | Reached skill level 5 in Poison Magic
  5800 | Temple   | Entered the Ecumenical Temple
  5813 | Temple   | Became a worshipper of Ru the Awakened
  5852 | D:6      | Noticed a yak
  5852 | D:6      | Noticed a yak
  5860 | D:6      | Noticed a yak
  5861 | D:6      | Noticed a yak
  5861 | D:6      | Noticed a yak
  5888 | D:7      | Killed a yak
  5889 | D:7      | Reached XP level 9. HP: 46/68 MP: 0/15
  6028 | D:7      | Reached skill level 6 in Conjurations
  6225 | D:7      | Learned a level 3 spell: Ignite Poison
  7063 | D:7      | Found an ancient bone altar of Kikubaaqudgha.
  7237 | D:7      | Reached skill level 7 in Conjurations
  7499 | D:7      | Gained mutation: You are missing an eye, making it more
                  | difficult to aim. [Ru sacrifice]
  7499 | D:7      | Reached * piety under Ru
  7845 | D:7      | Reached XP level 10. HP: 49/75 MP: 0/16
  7853 | D:6      | Found a glowing golden altar of the Shining One.
  7853 | D:6      | Found a broken altar of Ashenzari.
  8196 | D:8      | Noticed Joseph
  8217 | D:8      | Killed Joseph
  8554 | D:8      | Reached skill level 8 in Conjurations
  8675 | D:8      | Found a sparkling altar of Nemelex Xobeh.
  8970 | D:8      | Found a white marble altar of Elyvilon.
  9402 | D:8      | Noticed a cyan ugly thing
  9402 | D:8      | Noticed a skeletal warrior
  9403 | D:8      | Found a runed translucent door.
  9405 | D:8      | Noticed a centaur warrior
  9405 | D:8      | Noticed a tengu warrior
  9405 | D:8      | Noticed an orc knight
  9671 | D:9      | Reached skill level 1 in Fighting
  9672 | D:9      | Reached skill level 1 in Armour
  9674 | D:9      | Reached skill level 10 in Poison Magic
  9977 | D:9      | Reached XP level 11. HP: 86/86 MP: 3/17
 10251 | D:9      | Found a glowing silver altar of Zin.
 10418 | D:9      | Found an opulent altar of Gozag.
 10652 | D:9      | Reached skill level 5 in Stealth
 10706 | D:9      | Gained mutation: You cannot train Dodging skill. [Ru
                  | sacrifice]
 10706 | D:9      | Reached ** piety under Ru
 10878 | D:9      | Noticed a deep elf pyromancer
 10881 | D:9      | Killed a deep elf pyromancer
 11144 | D:9      | Found a staircase to the Orcish Mines.
 11479 | D:9      | Noticed a two-headed ogre
 11493 | D:9      | Killed a two-headed ogre
 11494 | D:9      | Reached skill level 5 in Spellcasting
 11499 | D:9      | Learned a level 4 spell: Flame Wave
 11753 | D:10     | Entered Level 10 of the Dungeon
 11826 | D:10     | Noticed Josephine
 11839 | D:10     | Killed Josephine
 12099 | D:10     | Found the +8 trident of the Octopus King {venom, rElec
                  | rPois}
 12121 | D:10     | Reached skill level 10 in Fire Magic
 12126 | D:10     | Found a staircase to the Lair.
 12295 | D:10     | Noticed a two-headed ogre
 12297 | D:10     | Found Vidghut's Antique Weapon Shop.
 12301 | D:10     | Killed a two-headed ogre
 12326 | D:10     | Noticed Grum
 12330 | D:10     | Killed Grum
 12382 | D:10     | Noticed Sonja
 12385 | D:10     | Killed Sonja
 12386 | D:10     | Reached XP level 12. HP: 100/100 MP: 13/20
 12720 | Lair:1   | Entered Level 1 of the Lair of Beasts
 13071 | Lair:1   | Identified the +6 trident "Giantbane" {venom, Drain rC++
                  | Str+5}
 13140 | Lair:1   | Found a large runed translucent door.
 13141 | Lair:1   | Found a large runed translucent door.
 13145 | Lair:1   | Noticed MinotaursOnly's ghost (journeyman MiNe)
 13155 | Lair:1   | Reached skill level 5 in Fighting
 13334 | Lair:1   | Gained mutation: You are sensitive to extremes of
                  | temperature. (rF-, rC-) [Ru sacrifice]
 13334 | Lair:1   | Reached *** piety under Ru
 13334 | Lair:1   | Reached **** piety under Ru
 13353 | Lair:1   | HP: 5/103 [poisoned by a cane toad]
 14529 | Lair:2   | Learned a level 3 spell: Inner Flame
 14611 | Lair:2   | Reached skill level 5 in Armour
 14611 | Lair:2   | Reached skill level 10 in Stealth
 14676 | Lair:2   | Found a staircase to the Swamp.
 15071 | Lair:3   | Gained mutation: You can use your snake-like lower body to
                  | constrict enemies. [Naga growth]
 15071 | Lair:3   | Reached XP level 13. HP: 88/111 MP: 14/23
 15318 | Lair:3   | Found a staircase to the Snake Pit.
 15509 | Lair:3   | Gained mutation: You cannot study or use magical devices.
                  | [Ru sacrifice]
 15509 | Lair:3   | Reached ***** piety under Ru
 15509 | Lair:3   | Reached ****** piety under Ru
 17236 | Lair:5   | Entered Level 5 of the Lair of Beasts
 17291 | Lair:5   | Reached skill level 9 in Conjurations
 17297 | Lair:5   | Reached XP level 14. HP: 85/120 MP: 13/25
 18254 | Lair:5   | Identified the ring "Pyutak" {Fly rF+ SInv}
 18682 | Lair:5   | Identified the scarf of Nopank {harm, Str+2 Int+2 SInv}
 18748 | Lair:5   | Found a staircase to the Slime Pits.
 18919 | Lair:5   | Found a viscous altar of Jiyva.
 19672 | D:11     | Identified 2 scrolls of acquirement
 19673 | D:11     | Acquired lunatic's Folio of the Ageless Brambles
 19675 | D:11     | Acquired the ring of the Evening {Fire Contam rElec Int+2
                  | Dex+4}
 20135 | D:12     | You fall into a shaft and drop 2 floors!
 20234 | D:13     | Noticed Rupert
 20243 | D:13     | Killed Rupert
 20425 | D:13     | Reached skill level 10 in Conjurations
 20438 | D:13     | HP: 3/127 [wolf spider (8)]
 20744 | D:13     | Noticed Erolcha
 20749 | D:13     | Killed Erolcha
 20846 | D:13     | Found Kuikecib's Armour Boutique.
 22293 | D:13     | Learned a level 6 spell: Starburst
 22441 | D:13     | Found a shimmering blue altar of Sif Muna.
 22603 | D:14     | Found a hide-covered altar of Uskayaw.
 22607 | D:14     | Reached XP level 15. HP: 115/135 MP: 18/27
 22904 | D:14     | Found a gate to the Vaults.
 23352 | D:15     | Entered Level 15 of the Dungeon
 23653 | D:15     | Found a frozen archway.
 23678 | IceCv    | Entered an ice cave
 24311 | IceCv    | Identified the +1 hat "Oplir" {rC- Int+4}
 24497 | IceCv    | Reached skill level 10 in Fighting
 24531 | IceCv    | Reached skill level 11 in Conjurations
 24936 | IceCv    | Got the Octavo of Cryomancy
 26296 | D:15     | Found a staircase to the Depths.
 26468 | D:15     | Upgraded the game from 0.31-a0-618-g7ca08c1 to
                  | 0.31-a0-620-gd1cbd99
 26847 | Snake:1  | Entered Level 1 of the Snake Pit
 26871 | Snake:1  | Reached XP level 16. HP: 104/143 MP: 2/29
 27382 | Snake:1  | Identified the +2 leather armour "Vielyont" {Dex+5}
 27403 | Snake:1  | Found Mumeriqaxay's Assorted Antiques.
 27405 | Snake:1  | Found Nupih's Magic Scroll Shoppe.
 27407 | Snake:1  | Found Fol Wej's Magic Scroll Emporium.
 27419 | Snake:1  | Bought 2 scrolls of identify for 52 gold pieces
 27423 | Snake:1  | Bought a potion of magic for 176 gold pieces
 27423 | Snake:1  | Bought a scroll of fear for 88 gold pieces
 27425 | Snake:1  | Bought a scroll of blinking for 97 gold pieces
 27427 | Snake:1  | Bought a scroll of blinking for 120 gold pieces
 27431 | Snake:1  | Bought 2 potions of magic for 352 gold pieces
 27433 | Snake:1  | Bought 3 scrolls of identify for 78 gold pieces
 27877 | Snake:1  | Reached skill level 10 in Spellcasting
 28687 | Snake:2  | You fall into a shaft and drop 1 floor!
 29076 | Snake:2  | Noticed Aizul
 29084 | Snake:2  | Killed Aizul
 29085 | Snake:2  | Reached skill level 12 in Conjurations
 29183 | Snake:2  | Noticed a nagaraja
 29188 | Snake:2  | Killed a nagaraja
 29848 | Snake:3  | Found a runed translucent door.
 29888 | Snake:3  | HP: 2/150 [naga mage/bolt of poison (15)]
 29888 | Snake:3  | Noticed a nagaraja
 30397 | Snake:3  | Reached skill level 1 in Polearms
 30478 | Snake:3  | Killed a nagaraja
 30629 | Snake:3  | Noticed Dega's ghost (adept SpHu)
 31199 | Orc:1    | Entered Level 1 of the Orcish Mines
 31204 | Orc:1    | Reached XP level 17. HP: 152/157 MP: 22/31
 31431 | Orc:1    | Found Zoiru's Jewellery Boutique.
 31686 | Orc:2    | Entered Level 2 of the Orcish Mines
 31701 | Orc:2    | Found a gate leading to a gauntlet.
 31712 | Gauntlet | Entered a Gauntlet
 31712 | Gauntlet | Found a transporter.
 31712 | Gauntlet | Found a transporter.
 31716 | Gauntlet | Found a transporter.
 31717 | Gauntlet | Found a transporter.
 31729 | Gauntlet | Found a transporter.
 31735 | Gauntlet | Found a large runed translucent door.
 31736 | Gauntlet | Found a large runed translucent door.
 31737 | Gauntlet | Found a large runed translucent door.
 31737 | Gauntlet | Found a large runed translucent door.
 31738 | Gauntlet | Found a transporter.
 31740 | Gauntlet | Found a runed translucent gate.
 31746 | Gauntlet | Found a large runed translucent door.
 31746 | Gauntlet | Found a large runed translucent door.
 31746 | Gauntlet | Found a runed translucent door.
 31747 | Gauntlet | Found a large runed translucent door.
 31747 | Gauntlet | Found a transporter.
 31747 | Gauntlet | Found a runed translucent gate.
 31747 | Gauntlet | Found a transporter.
 31748 | Gauntlet | Found a large runed translucent door.
 31750 | Gauntlet | Found a runed translucent gate.
 31750 | Gauntlet | Found a runed translucent door.
 31751 | Gauntlet | Found a large runed translucent door.
 31751 | Gauntlet | Found a large runed translucent door.
 31752 | Gauntlet | Found a large runed translucent door.
 31753 | Gauntlet | Found a large runed translucent door.
 31763 | Gauntlet | Found a large runed translucent door.
 31763 | Gauntlet | Found a large runed translucent door.
 31812 | Gauntlet | Found a transporter.
 31826 | Gauntlet | Found a transporter.
 31849 | Gauntlet | Found a transporter.
 31857 | Gauntlet | Found a transporter.
 31939 | Gauntlet | Found a transporter.
 31952 | Gauntlet | Found a transporter.
 31968 | Gauntlet | Found a transporter.
 31981 | Gauntlet | Found a transporter.
 32094 | Gauntlet | Gained mutation: You are weak. (Str -2) [a neqoxec]
 32105 | Gauntlet | Identified the amulet "Onontit" {Acrobat rF+ Str+3}
 32138 | Gauntlet | Found a large runed translucent door.
 32138 | Gauntlet | Found a large runed translucent door.
 32230 | Gauntlet | Identified the amulet "Etwen" {Faith *Slow Str-4 Int+8}
 32283 | Gauntlet | Reached skill level 10 in Armour
 32701 | Orc:2    | Found Meffee's Book Shop.
 32701 | Orc:2    | Found Baalit's Weapon Emporium.
 32725 | Orc:2    | Bought a Fen Folio for 588 gold pieces
 32733 | Orc:2    | Learned a level 6 spell: Eringya's Noxious Bog
 32940 | Orc:2    | Found Bawaupev's Magic Scroll Emporium.
 32945 | Orc:2    | Found Hawkeazxag's Armour Shop.
 33017 | Orc:2    | Reached skill level 1 in Hexes
 33092 | Orc:2    | Found a runed translucent door.
 33092 | Orc:2    | Noticed arghonaut's ghost (journeyman TrSh)
 33100 | Orc:2    | Reached skill level 1 in Transmutations
 33132 | Orc:2    | Killed arghonaut's ghost
 33295 | Orc:2    | Found a staircase to the Elven Halls.
 33301 | Orc:1    | Noticed Jorgrun
 33306 | Orc:1    | Killed Jorgrun
 33988 | Swamp:1  | Entered Level 1 of the Swamp
 34512 | Swamp:1  | Found a hide-covered altar of Uskayaw.
 34591 | Swamp:1  | Reached skill level 5 in Transmutations
 34870 | Swamp:2  | Noticed Donald
 34883 | Swamp:2  | Killed Donald
 35763 | Swamp:3  | Reached XP level 18. HP: 166/168 MP: 21/33
 36203 | Swamp:4  | Entered Level 4 of the Swamp
 36576 | Swamp:4  | Identified the +1 shortbow of Okawaru, Stopping {antimagic,
                  | Dex+4 Stlth+}
 37059 | Swamp:4  | Reached skill level 13 in Conjurations
 37125 | Swamp:4  | Noticed the 27-headed Lernaean hydra
 37156 | Swamp:4  | Killed the 27-headed Lernaean hydra
 37157 | Swamp:4  | Reached skill level 15 in Fire Magic
 37455 | Swamp:4  | Got a decaying rune of Zot
 38147 | Snake:3  | Killed Dega's ghost
 38148 | Snake:3  | Reached skill level 5 in Polearms
 38258 | Snake:4  | Entered Level 4 of the Snake Pit
 38325 | Snake:4  | Noticed Vashnia
 38896 | Snake:4  | Killed Vashnia
 38897 | Snake:4  | Reached skill level 15 in Poison Magic
 39350 | Snake:4  | Found Matsuawi's Jewellery Shop.
 39350 | Snake:4  | Found Popit's Magic Scroll Boutique.
 39452 | Snake:4  | Bought a scroll of teleportation for 57 gold pieces
 39452 | Snake:4  | Bought a scroll of fear for 76 gold pieces
 40295 | Snake:4  | Reached XP level 19. HP: 138/172 MP: 15/34
 40833 | Snake:4  | Got a serpentine rune of Zot
 40857 | Snake:4  | Learned a level 7 spell: Orb of Destruction
 41142 | Vaults:1 | Entered Level 1 of the Vaults
 41218 | Vaults:1 | Reached skill level 14 in Conjurations
 42226 | Vaults:1 | Reached skill level 15 in Conjurations
 43260 | Vaults:2 | Noticed Nikola
 43285 | Vaults:2 | Killed Nikola
 43286 | Vaults:2 | Upgraded the game from 0.31-a0-620-gd1cbd99 to
                  | 0.31-a0-625-gc9c7e45
 43586 | Vaults:2 | Reached skill level 16 in Conjurations
 43586 | Vaults:2 | Reached XP level 20. HP: 131/177 MP: 29/35
 43864 | Orc:2    | Bought an Inescapable Atlas for 224 gold pieces
 43864 | Orc:2    | Bought a book of Dangerous Friends for 560 gold pieces
 43875 | Orc:2    | Learned a level 7 spell: Spellforged Servitor
 43879 | Orc:2    | Learned a level 2 spell: Blink
 44209 | Vaults:2 | Reached skill level 1 in Summonings
 45823 | Vaults:3 | Found Zenwetry's Weapon Boutique.
 45840 | Vaults:3 | Found a magical portal.
 45845 | WizLab   | Entered Zonguldrok's Shrine
 46051 | WizLab   | Reached skill level 5 in Translocations
 46337 | WizLab   | Noticed an antique lich
 46338 | WizLab   | Found the +9 sword of Zonguldrok {reap}
 46345 | WizLab   | Killed an antique lich
 46553 | Vaults:3 | Noticed an ancient lich
 46563 | Vaults:3 | Killed an ancient lich
 46721 | Vaults:3 | Reached skill level 5 in Summonings
 46756 | Vaults:3 | Upgraded the game from 0.31-a0-625-gc9c7e45 to
                  | 0.31-a0-626-g8143ab4
 46794 | Vaults:3 | Found a staircase to the Crypt.
 48070 | Vaults:3 | Reached XP level 21. HP: 195/195 MP: 25/37
 48867 | Vaults:4 | Paralysed by a formless jellyfish for 1 turns
 49294 | Vaults:4 | Reached skill level 15 in Armour
 49515 | Vaults:5 | Entered Level 5 of the Vaults
 49522 | Vaults:5 | Reached skill level 17 in Conjurations
 49537 | Vaults:5 | Killed from afar by a titan

Illustrated notes

Levels and vault maps discovered:
D:1:      lightli_arrival_statuegarden, layout_loops_ring, serial_forest,
          infiniplex_forest_split, infiniplex_forest_straight_3,
          infiniplex_forest_clump_curved, infiniplex_forest_lined_room_,
          infiniplex_forest_clump_medium, infiniplex_forest_straight_3,
          infiniplex_forest_straight_1, infiniplex_forest_end_1
D:2:      layout_rooms
D:3:      minmay_bubble_buster, layout_rooms, lemuel_round_altar,
          serial_corexii_hall, corexii_hall_statues_x, corexii_hall_statues_t,
          nicolae_twisty_statue_hallways
D:4:      minmay_chambers_of_threes, layout_basic
D:5:      layout_loops_ring, makhleb_altar_promises_db,
          gammafunk_ghost_nasty_kobolds, minivault_26
D:6:      layout_loops_ring, nicolae_overflow_hidden_temple,
          minmay_temple_entry_overgrown, nicolae_fountain_basement
D:7:      layout_cave_pods, tgw_kikubaaqudgha, eino_curves_01
D:8:      minmay_gate_of_8, layout_loops_ring, lemuel_coloured_pillars_altar,
          nemelex_diamond_rough_becter, uniq_joseph
D:9:      layout_long_grid, pdpol_temple_overflow_zin_treasury_gozag_greed,
          zombieorc1_lemuel
D:10:     layout_basic, erik_lair_island, serial_shops, shop, uniq_josephine,
          uniq_sonja, uniq_grum
D:11:     layout_big_octagon
D:12:     layout_stronghold
D:13:     layout_basic, serial_shops, nicolae_shop_mannequins, led_sif_book,
          uniq_rupert, uniq_erolcha
D:14:     layout_loops_ring, david_vaults_5, corexii_hall_statues_i,
          eat_drink_and_be_merry_uskayaw
D:15:     gammafunk_enter_depths_forms, layout_rooms,
          portal_ice_cave_entry_ice_statue_one, grunt_decor_arrowhead
Temple:   nicolae_temple_bog_church
Lair:1:   layout_small_grid, ebering_ghost_disaster_area,
          hangedman_lair_generics_rect, lemuel_fruit_fields, lemuel_fruit_fields
Lair:2:   layout_gridlike, swamp_mist, lemuel_fruit_tree
Lair:3:   layout_roguey, guppyfry_snake_entry_garden, st_stairs_9
Lair:4:   layout_cave_pods
Lair:5:   minmay_lair_end_frog_pond, layout_cave_pods,
          nicolae_slime_entry_field_trip
Swamp:1:  layout_basic_swamp, lemuel_altar_in_water, swamp_pool5,
          nzn_swamp_dancing_lights
Swamp:2:  layout_falls_marsh, serial_swamp_ruin, evilmike_swamp_ruin_rubble_2,
          evilmike_swamp_ruin_house_3, evilmike_swamp_ruin_house_4, uniq_donald
Swamp:3:  layout_basic_swamp, evilmike_swamp_ruin_house_1,
          infiniplex_staircase_pool
Swamp:4:  swamp_old_school, layout_basic_swamp
Snake:1:  layout_onion, serial_bayou_shore_b, grunt_megastairs_1,
          minmay_shop_star
Snake:2:  layout_concentric_octagons, statue_in_the_mist_lemuel,
          nicolae_snake_the_dead_are_slithering, grunt_megastairs_2, uniq_aizul
Snake:3:  cheibrodos_snake_ritualist_ritual, layout_concentric_octagons,
          hellmonk_ghost_happy_afterlife, grunt_megastairs_3
Snake:4:  hellmonk_snake_rune_quicksilver_temple, layout_onion_interference,
          serial_bayou_shore_a, minmay_shoptagon, uniq_vashnia
Orc:1:    layout_caves, serial_shops, nicolae_shop_back_alley_shop,
          nicolae_orc_rockfall, uniq_jorgrun
Orc:2:    st_orc_town, layout_caves, basic_altar, gammafunk_ghost_grave,
          gauntlet_entry_generic
Vaults:1: grunt_vaults_hallway_long, nicolae_vaults_meeting,
          nicolae_vaults_little_squares_5, nicolae_vaults_sealed_display,
          vaults_room_grunt_arrival_ludios, hangedman_vaults_snaps,
          nicolae_vaults_more_shelving_1, layout_vaults_omnigrid
Vaults:2: v_misc_26, nicolae_vaults_alarming, v_pattern_1, vaults_dpeg_diagonal,
          v_alt_pattern_3, nicolae_vaults_heart-shaped_vault,
          nicolae_vaults_security_offices_2,
          nicolae_vaults_door_testing_chamber, v_misc_13,
          nicolae_vaults_mini_display_case, nicolae_vaults_double_plus_1,
          nicolae_vaults_swerve, layout_vaults_omnicross, uniq_nikola
Vaults:3: mu_enter_wizlab_1, vaults_mumra_bighexcomb, nicolae_vaults_what_the_h,
          minmay_crypt_entry_simple_walls, nicolae_vaults_trapezoid_1,
          nicolae_vaults_closet_pinwheel_4, ontoclasm_vaults_shuriken,
          nicolae_vaults_double_plus_1, nicolae_vaults_oval_intersection,
          v_misc_16, nicolae_vaults_surprise_closet, layout_vaults_chaotic_city,
          serial_shops, nicolae_shop_getting_attention
Vaults:4: v_misc_26, ontoclasm_vaults_tryst, nicolae_vaults_trapezoid_layered,
          ontoclasm_vaults_ring_square, ontoclasm_vaults_ring_square, v_misc_12,
          nicolae_vaults_offset_grid_hallway_4, ontoclasm_vaults_ligature,
          ontoclasm_vaults_hangar, hangedman_vaults_restitches,
          hangedman_vaults_nails, nicolae_vaults_weapon_check, v_alt_pattern_4,
          layout_vaults_omnibox
Vaults:5: serial_shops

Skill      XL: |  1  2  3  4  5  6  7  8  9 10 11 12 13 14 15 16 17 18 19 20 21 |
---------------+----------------------------------------------------------------+-----
Conjurations   | 2 3 5 7 8 9 10 11 12 13 16 17 | 17.0
Fire Magic     | 4 5 7 8 9 10 11 12 13 14 15 | 15.9
Spellcasting   | 3 4 5 7 8 9 10 11 12 | 12.5
Translocations | 1 3 4 5 6 |  6.0
Poison Magic   | 1 3 5 8 10 11 12 13 14 15 | 15.1
Fighting       | 2 4 6 7 9 10 11 12 13 | 13.6
Dodging        | 2 0 |  0.0
Armour         | 1 3 5 6 7 8 9 10 11 13 14 15 | 15.0
Stealth        | 4 7 10 11 12 | 12.9
Polearms       | 2 4 5 6 |  6.0
Hexes          | 1 |  1.2
Transmutations | 8 9 |  9.0
Summonings     | 5 8 |  8.9

Action                     |  1- 3 |  4- 6 |  7- 9 | 10-12 | 13-15 | 16-18 | 19-21 || total
---------------------------+-------+-------+-------+-------+-------+-------+-------++-------
  Melee: Unarmed           |     3 |       |       |       |       |       |       ||     3
         Short sword       |    12 |    29 |       |       |       |       |       ||    41
         Flail             |       |    16 |    91 |     7 |       |       |       ||   114
         Punch             |       |       |     2 |     5 |     2 |       |       ||     9
         Staff             |       |       |     2 |    93 |    25 |    20 |    32 ||   172
         Trident           |       |       |       |    89 |    55 |    85 |    24 ||   253
         Constrict         |       |       |       |       |    16 |    28 |    12 ||    56
   Cast: Foxfire           |    35 |    73 |    77 |    85 |    50 |     2 |     1 ||   323
         Scorch            |     5 |    12 |    34 |    40 |    82 |    48 |    13 ||   234
         Volatile Blastmot |       |       |    26 |    25 |     8 |       |       ||    59
         Olgreb's Toxic Ra |       |       |     7 |    49 |    67 |    88 |    52 ||   263
         Mephitic Cloud    |       |       |     1 |       |       |     8 |       ||     9
         Ignite Poison     |       |       |     3 |    69 |   103 |    90 |    79 ||   344
         Flame Wave        |       |       |       |     7 |    50 |     4 |     1 ||    62
         Inner Flame       |       |       |       |       |    11 |       |       ||    11
         Starburst         |       |       |       |       |    34 |   302 |   211 ||   547
         Eringya's Noxious |       |       |       |       |       |    16 |     7 ||    23
         Orb of Destructio |       |       |       |       |       |       |    21 ||    21
         Blink             |       |       |       |       |       |       |     5 ||     5
 Invoke: Sacrifice an Eye  |       |       |     1 |       |       |       |       ||     1
         Sacrifice Nimblen |       |       |       |     1 |       |       |       ||     1
         Sacrifice Resista |       |       |       |     1 |       |       |       ||     1
         Power Leap        |       |       |       |       |     4 |     2 |       ||     6
         Draw Out Power    |       |       |       |       |     4 |     5 |     6 ||    15
         Sacrifice Artific |       |       |       |       |     1 |       |       ||     1
         Apocalypse        |       |       |       |       |     1 |     2 |       ||     3
Ability: Spit Poison       |       |     2 |     9 |     4 |     3 |     4 |       ||    22
  Evoke: Wand              |       |       |       |     4 |       |       |       ||     4
    Use: Scroll            |       |     4 |     2 |     4 |    17 |    13 |    11 ||    51
         Potion            |       |       |       |     1 |       |     8 |     2 ||    11
   Stab: Sleeping          |     1 |     1 |     5 |     3 |     1 |       |       ||    11
         Distracted        |       |       |       |     3 |     1 |       |       ||     4
         Invisible         |       |       |       |     1 |     1 |       |     1 ||     3
         Paralysed         |       |       |       |       |     3 |       |       ||     3
         Confused          |       |       |       |       |       |     4 |       ||     4
 Armour: Robe              |    11 |    55 |    90 |    20 |       |       |       ||   176
         Steam dragon scal |       |       |       |   102 |   104 |       |       ||   206
         Leather armour    |       |       |       |       |    84 |   237 |   156 ||   477
  Dodge: Dodged            |    15 |    57 |   134 |   254 |   172 |   148 |    76 ||   856

Table legend: (Time is in decaauts)
 A = Elapsed time spent in this place.
 B = Non-inter-level travel time spent in this place.
 C = Inter-level travel time spent in this place.
 D = Time resting spent in this place.
 E = Time spent auto-exploring this place.
 F = Levels seen in this place.
 G = Mean time per level.
                   A        B        C        D        E       F      G
               +--------+--------+--------+--------+--------+-----+--------+
         Total |  60188 |  56084 |   4104 |   2832 |  43145 |  39 | 1543.3 |
       Dungeon |  23539 |  21489 |   2050 |    394 |  17507 |  15 | 1569.3 |
        Temple |     30 |     18 |     12 |      0 |      0 |   1 |   30.0 |
          Lair |   8905 |   7969 |    936 |    290 |   6495 |   5 | 1781.0 |
         Swamp |   4426 |   4292 |    134 |    318 |   3203 |   4 | 1106.5 |
     Snake Pit |   8555 |   8110 |    445 |    898 |   5945 |   4 | 2138.8 |
  Orcish Mines |   2578 |   2353 |    225 |     13 |   1720 |   2 | 1289.0 |
        Vaults |   8858 |   8560 |    298 |    320 |   7044 |   5 | 1771.6 |
      Ice Cave |   1737 |   1737 |      0 |    448 |    981 |   1 | 1737.0 |
        Wizlab |    760 |    760 |      0 |     45 |    247 |   1 |  760.0 |
      Gauntlet |    797 |    797 |      0 |    105 |      0 |   1 |  797.0 |
               +--------+--------+--------+--------+--------+-----+--------+

Top non-repeatable levels by time:
Vaults:1: 2813 daAuts
     D:9: 2525 daAuts
 Snake:4: 2378 daAuts
 Snake:3: 2297 daAuts
Vaults:2: 2204 daAuts
Vaults:3: 2164 daAuts
 Snake:2: 2140 daAuts
  Lair:4: 2076 daAuts
     D:8: 2037 daAuts
     D:5: 2024 daAuts
  Lair:5: 2021 daAuts
   Orc:2: 1838 daAuts
    D:15: 1776 daAuts
     D:7: 1752 daAuts
 Snake:1: 1738 daAuts
